 Dungeon Crawl Stone Soup version 0.30-b1-2-g02819fbbbe (webtiles) character file.

Game seed: 2751497687508308808

814 BigAl69 the Digger (level 7, -8/56 HPs)
             Began as a Green Draconian Earth Elementalist on Oct 10, 2023.
             Mangled by a gnoll sergeant
             ... wielding a +3 spear of venom
              (9 damage)
             ... on level 5 of the Dungeon.
             The game lasted 00:06:43 (3868 turns).

BigAl69 the Digger (DrEE)                           Turns: 3868, Time: 00:06:43

Health: -8/56      AC:  8    Str: 11    XL:     7   Next: 62%
Magic:  9/15       EV:  6    Int: 17    God:
Gold:   198        SH:  0    Dex: 11    Spells: 16/17 levels left

rFire   . . .        t - staff of earth
rCold   . . .        (no shield)
rNeg    . . .        (body armour unavailable)
rPois   +            (helmet restricted)
rElec   .            w - +0 cloak
rCorr   .            (no gloves)
SInv    .            x - +0 pair of boots
Will    .....        v - amulet of regeneration
Stlth   ++           u - ring of poison resistance
HPRegen 1.09/turn    i - ring of flight
MPRegen 0.14/turn

%: no passive effects
@: lethally poisoned (-8 -> -8), flying, held
A: breathe noxious fumes, AC +6, unfitting armour, poison resistance,
cold-blooded
a: Breathe Noxious Fumes


You were on level 5 of the Dungeon.
You visited 1 branch of the dungeon, and saw 5 of its levels.

You collected 198 gold pieces.

Inventory:

Hand Weapons
 j - a +1 short sword of holy wrath
Armour
 w - a +0 cloak (worn)
 x - a +0 pair of boots (worn)
Magical Staves
 t - a staff of earth (weapon)
Jewellery
 i - a ring of flight (right hand)
 u - a ring of poison resistance (left hand)
 v - an amulet of regeneration (around neck)
Scrolls
 b - 2 scrolls of immolation {unknown}
 c - 3 scrolls of vulnerability {unknown}
 h - 2 scrolls of poison {unknown}
 l - 3 scrolls of teleportation {unknown}
 n - 2 scrolls of amnesia {unknown}
 o - a scroll of enchant armour {unknown}
 p - 6 scrolls of identify {unknown}
 r - a scroll of enchant weapon {unknown}
 s - a scroll of fear {unknown}
Potions
 a - a potion of magic
 d - 2 potions of resistance {unknown}
 e - 4 potions of curing {unknown}
 f - a potion of might {unknown}
 g - a potion of brilliance {unknown}
 k - a potion of degeneration {unknown}
 m - a potion of heal wounds {unknown}
 q - 2 potions of lignification {unknown}
 z - 2 potions of haste {unknown}
 A - a potion of mutation {unknown}


   Skills:
 * Level 2.6 Fighting
 + Level 0.3 Short Blades
 + Level 2.3 Dodging
 - Level 2.0 Stealth
 * Level 5.5 Spellcasting
 + Level 1.0 Transmutations
 * Level 6.0 Earth Magic
 * Level 1.0 Poison Magic


You had 16 spell levels left.
You knew the following spells:

 Your Spells              Type           Power      Damage    Failure   Level
a - Sandblast             Erth           74%        2d16      1%          1

Your spell library contained the following spells:

 Spells                   Type           Power      Damage    Failure   Level
 Passwall                 Tmut/Erth      20%        N/A       4%          2
 Sting                    Tmut/Pois      32%        1d4       9%          1
 Stone Arrow              Conj/Erth      44%        3d9       12%         3
 Poisonous Vapours        Pois/Air       12%        N/A       16%         2
 Petrify                  Tmut/Erth      25%        N/A       30%         4
 Olgreb's Toxic Radiance  Pois           8%         N/A       65%         4
 Borgnjor's Vile Clutch   Necr/Erth      11%        N/A       73%         5
 Animate Dead             Necr           4%         N/A       80%         4
 Death Channel            Necr           2%         N/A       100%        6


Dungeon Overview and Level Annotations

Branches:
Dungeon (5/15)
 Temple: D:4-7

Altars:
Okawaru

Shops:
D:4 (


Innate Abilities, Weirdness & Mutations

You can breathe blasts of noxious fumes.
Your lurid green scales are hard. (AC +6)
You cannot fit into any form of body armour.
Your system is resistant to poisons. (rPois)
You are cold-blooded and may be slowed by cold attacks.


Message History

The gnoll sergeant hits you from afar with a +3 spear of venom!
You are poisoned.
You feel a surge of power!
The gnoll sergeant blocks the blast of sand.
You feel very sick.
The gnoll sergeant hits you from afar with a +3 spear of venom!
The gnoll throws a throwing net.
The throwing net hits you.
You become entangled in the net!
A gnoll comes into view. It is wielding a +0 spear.
The gnoll sergeant hits you from afar with a +3 spear of venom!
Aiming: Sandblast (safe; 1% risk of failure)
Press: ? - help, Q - select action, (/) - cycle Shift-Dir - straight line, f/p - gnoll sergeant
Aim: a gnoll sergeant, wielding a +3 spear of venom, wearing a +0 ring mail and wearing a +2 kite shield (90% to hit)
You feel a surge of power!
The blast of sand hits the gnoll!!
You kill the gnoll!
You feel very sick.
The gnoll sergeant hits you from afar with a +3 spear of venom.
Your Earth Magic skill increases to level 6!
Aiming: Sandblast (safe; 1% risk of failure)
Press: ? - help, Q - select action, (/) - cycle Shift-Dir - straight line, f/p - gnoll sergeant
Aim: a gnoll sergeant, wielding a +3 spear of venom, wearing a +0 ring mail and wearing a +2 kite shield (90% to hit)
You feel a surge of power!
The blast of sand hits the gnoll sergeant!
The gnoll sergeant is moderately wounded.
You feel very sick. The gnoll sergeant barely misses you.
The gnoll sergeant hits you from afar with a +3 spear of venom.
* * * LOW HITPOINT WARNING * * *
A gnoll comes into view. It is wielding a +0 club.
You struggle against the net.
You feel sick.
The gnoll sergeant hits you from afar with a +3 spear of venom.
* * * LOW HITPOINT WARNING * * *
You tear a large gash into the net.
You feel sick.
The gnoll sergeant hits you from afar with a +3 spear of venom.
* * * LOW HITPOINT WARNING * * *
You struggle against the net.
You feel sick.
The gnoll hits you from afar with a +0 spear.
* * * LOW HITPOINT WARNING * * *
The gnoll sergeant hits you from afar with a +3 spear of venom!
You die...

######## .......##
.8.8....## ...8...#
......# #..#.#
##.#.############
#.@............>#
...g.g).############.###
.####g#.# #......(......
#.#.# #......##..### #
#.###......##.##
##..##.........#
###8..8#......>..#
#..........##....#
#...>......#.....#


You could see a gnoll sergeant and 2 gnolls.

Vanquished Creatures
  2 water moccasins (D:5)
  A scorpion (D:4)
  3 hounds (D:4)
  2 jellies (D:4)
  2 orc priests (D:4)
  Terence (D:2)
  Natasha (thrice) (D:2)
  2 orc wizards (D:4)
  3 gnolls (D:5)
  5 adders
  2 ufetubi (D:4)
  A worm (D:4)
  A dart slug (D:4)
  18 orcs
  3 bats
  6 endoplasms
  4 giant cockroaches
  6 goblins
  7 hobgoblins
  2 jackals (D:4)
  A quokka (D:1)
  4 ball pythons
  5 frilled lizards
  14 kobolds
  5 rats
103 creatures vanquished.

Vanquished Creatures (others)
  10 plants (D:2)
10 creatures vanquished.

Grand Total: 113 creatures vanquished

Notes
Turn   | Place    | Note
-------+----------+-------------------------------------------
     0 | D:1      | BigAl69 the Draconian Earth Elementalist began the quest
                  | for the Orb.
     0 | D:1      | Reached XP level 1. HP: 14/14 MP: 3/3
   205 | D:1      | Reached XP level 2. HP: 20/20 MP: 3/5
   294 | D:1      | Found a faded altar of an unknown god.
  1056 | D:2      | Reached XP level 3. HP: 23/27 MP: 2/6
  1119 | D:2      | Reached skill level 4 in Earth Magic
  1209 | D:2      | Noticed Natasha
  1214 | D:2      | Killed Natasha
  1215 | D:2      | Reached XP level 4. HP: 34/34 MP: 4/8
  1243 | D:2      | Noticed Natasha
  1247 | D:2      | Killed Natasha
  1338 | D:2      | Noticed Natasha
  1345 | D:2      | Noticed Terence
  1348 | D:2      | Killed Natasha
  1358 | D:2      | Killed Terence
  1359 | D:2      | Reached XP level 5. HP: 5/39 MP: 0/10
  1737 | D:3      | Reached skill level 1 in Fighting
  2423 | D:3      | Found an iron altar of Okawaru.
  2899 | D:4      | Reached XP level 6. HP: 42/47 MP: 7/12
  3135 | D:4      | Reached skill level 5 in Earth Magic
  3503 | D:4      | Found Jiboac's Weapon Emporium.
  3505 | D:4      | Your scales start taking on a lurid green colour.
  3505 | D:4      | Reached XP level 7. HP: 55/55 MP: 12/14
  3505 | D:4      | Gained mutation: Your system is resistant to poisons.
                  | (rPois) [Green Draconian growth]
  3512 | D:4      | Reached skill level 5 in Spellcasting
  3592 | D:5      | Entered Level 5 of the Dungeon
  3775 | D:5      | Reached skill level 1 in Poison Magic
  3865 | D:5      | Reached skill level 6 in Earth Magic
  3868 | D:5      | HP: 1/56 [gnoll/+0 spear[a gnoll sergeant] (3)]
  3868 | D:5      | Mangled by a gnoll sergeant

Illustrated notes

Levels and vault maps discovered:
D:1:      tarquinn_simple_flora_water_d, layout_basic, basic_ecumenical_altar
D:2:      layout_basic, lexackson_kobold_supper, uniq_natasha, uniq_terence
D:3:      layout_loops_ring, hellmonk_okawaru_the_only_friend_you_need
D:4:      minmay_opposing_rooms, layout_basic, serial_shops,
          nicolae_shop_bloodbath_and_beyond, corner_web_ring
D:5:      layout_basic, zin_statuary, mainiacjoe_overflow_alcove_4,
          serial_shops, shop, st_stairs_6

Skill      XL: |  1  2  3  4  5  6  7 |
---------------+----------------------+-----
Earth Magic    | 4 5 6 |  6.0
Dodging        | 2 |  2.3
Spellcasting   | 3 4 5 |  5.5
Fighting       | 1 2 |  2.6
Stealth        | 2 |  2.0
Poison Magic   | 1 |  1.0
Short Blades   | |  0.3
Transmutations | |  1.0

Action                     |  1- 3 |  4- 6 |  7- 9 || total
---------------------------+-------+-------+-------++-------
  Melee: Short sword       |     4 |    33 |       ||    37
         Tailslap          |       |     5 |       ||     5
   Cast: Sandblast         |    46 |    87 |    23 ||   156
 Armour: Skin              |     4 |    17 |     2 ||    23
  Dodge: Dodged            |     8 |    49 |     3 ||    60
